Match 38382363
Unlisted

Match 38382363
End
Pioneer Squad
Kettenkrad Recon Vehicle
Construct Infanterie Kompanie
Grenadier Squad
MG 42 Machine Gun Team
Construct Panzergrenadier Kompanie
Panzergrenadier Squad
Panzergrenadier Squad
Panzergrenadier Squad
Construct Panzer Kompanie
Panzer IV Medium Tank
Medical Station
Zyso
『BlackBear』
0
0

Comments sign in to comment!

No comments posted yet!